 Dungeon Crawl Stone Soup version 0.31.0-32-g396128a36d (webtiles) character file.

Game seed: 8891599854236864265

7287 TacoSundae the Cleaver (level 11, -1/89 HPs)
             Began as a Barachi Berserker on Apr 20, 2024.
             Was a High Priest of Trog.
             Slain by a howler monkey (5 damage)
             ... on level 9 of the Dungeon.
             The game lasted 00:22:37 (9202 turns).

TacoSundae the Cleaver (Barachi Berserker)          Turns: 9202, Time: 00:22:38

Health: -1/89      AC: 17    Str: 23    XL:     11   Next: 12%
Magic:  11/11      EV: 14    Int:  7    God:    Trog [*****.]
Gold:   597        SH:  0    Dex: 12    Spells: 10/10 levels left

rFire   . . .        C - +1 battleaxe (vamp)
rCold   . . .        (shield currently unavailable)
rNeg    . . .        w - +3 swamp dragon scales
rPois   +            (no helmet)
rElec   .            F - +0 cloak
rCorr   .            (no gloves)
SInv    +            e - +2 pair of boots
Will    .....        D - amulet of the acrobat Stlth
                     i - ring of see invisible
HPRegen 0.34/turn    y - +4 ring of slaying
MPRegen 0.12/turn

%: acrobat
@: confused, marked, on berserk cooldown, slowed, studying Fighting, very slow
A: amphibious, slowness 1, strong legs 1, +LOS
a: Hop, Renounce Religion, Berserk, Trog's Hand, Brothers in Arms


You were on level 9 of the Dungeon.
You worshipped Trog.
Trog was extremely pleased with you.
You visited 2 branches of the dungeon, and saw 10 of its levels.

You collected 597 gold pieces.

Inventory:

Hand Weapons
 a - a +0 hand axe of venom
 C - a +1 vampiric battleaxe (weapon)
Missiles
 k - 10 poisoned darts (quivered)
 n - 10 boomerangs
 u - a throwing net
Armour
 e - a +2 pair of boots (worn)
 w - +3 swamp dragon scales (worn)
 E - +0 acid dragon scales
 F - a +0 cloak (worn)
Jewellery
 i - a ring of see invisible (left hand)
 y - a +4 ring of slaying (right hand)
 z - a ring of protection from fire
 B - a ring of willpower
 D - an amulet of the acrobat (around neck)
Wands
 f - a wand of iceblast (12)
 h - a wand of flame (22)
Scrolls
 b - 11 scrolls of identify
 g - a scroll of noise
 j - 2 scrolls of teleportation
 o - 3 scrolls of revelation
 x - 2 scrolls of brand weapon
Potions
 c - a potion of resistance
 l - a potion of mutation {unknown}
 m - 2 potions of enlightenment
 p - 2 potions of heal wounds
 r - a potion of berserk rage
 v - 2 potions of might


   Skills:
 + Level 9.0 Fighting
 * Level 13.4 Axes
 + Level 8.6 Armour
 + Level 7.8 Dodging


You had 10 spell levels left.
You didn't know any spells.
Your spell library was empty.

Dungeon Overview and Level Annotations

Branches:
Dungeon (9/15)             Temple (1/1) D:5            Lair (0/5) D:9
    Orc: D:9-12

Altars:
Ashenzari
Cheibriados
Dithmenos
Elyvilon
Fedhas
Hepliaklqana
Kikubaaqudgha
Makhleb
Nemelex Xobeh
Okawaru
Qazlal
Ru
Sif Muna
Trog
Uskayaw
Vehumet
Wu Jian
Xom
Yredelemnul
Zin

Annotations:
D:3 2 transporters, runthedishwasher's ghost, amateur OpSh
D:9 Harold


Innate Abilities, Weirdness & Mutations

You are amphibious.
You cover ground slowly.
You can hop short distances.
You have an extended range of vision and can be seen from far away.


Message History

The efreet burns you. The warg barely misses you.
The orc priest hits you but does no damage.
Unknown command.
You rip the net and break free!
You feel your anger nearly subside.
You are no longer berserk.
You are exhausted.
You feel yourself slow down. The wolf bites you but does no damage.
The howler monkey hits you. The killer bee stings you. The warg misses you.
Unknown command.
Unknown command.
The killer bee closely misses you. The wolf bites you but does no damage.
The killer bee stings you but does no damage.
The howler monkey barely misses you. The warg bites you.
* * * LOW HITPOINT WARNING * * *
The wolf barely misses you.
The efreet hits you with a +3 scimitar of flaming.
* * * LOW HITPOINT WARNING * * *
The efreet burns you.
* * * LOW HITPOINT WARNING * * *
The orc priest hits you but does no damage.
The killer bee stings you but does no damage.
The howler monkey hoots and howls with incredible vigour!
The wolf closely misses you. The warg closely misses you.
The orc priest looks braver for a moment.
The orc priest misses you. The efreet barely misses you.
In your confused state, you trip and fall back down the stairs.
* * * LOW HITPOINT WARNING * * *
The killer bee stings you but does no damage.
The killer bee misses you. The wolf bites you but does no damage.
The warg bites you!
* * * LOW HITPOINT WARNING * * *
The killer bee stings you but does no damage. x2
The howler monkey hoots and howls with incredible vigour!
The wolf bites you but does no damage.
Harold says, "Do you have any idea what people are willing to pay to have you killed, TacoSundae?"
The efreet hits you but does no damage. The orc priest hits you with a +0 club.
* * * LOW HITPOINT WARNING * * *
The warg completely misses you. The killer bee barely misses you. x2
The howler monkey hits you.
You die...

****.....##...........,,,,,,,
*****,*,......#...........,,,,,**
,,,*,,*,...P..#.o.........,,,,,,,
,,,,,,,,...W..............,,,,*,,
,,,,,,,,..................,,,,,,,
,,,,,,,,..>........@.....#****,,,
,,,,,,,,.......oyy.......,***,,,,
,,,,,,,,....PKKRhyy......,,,,,,,,
,,,,,,*,.P?...#o@hy......,*****,,
,,,*,,*,......#)hy.......,* *,,
,,,**,**.....##..........,* *,,
********#...###..........** *,,
##......##......#* *,,
################# ***
#################
#################
#################


You could see Harold, an efreet, a wraith, a warg, a kobold brigand, a wolf, a
howler monkey (catching breath), 6 killer bees, 2 orc priests, an orc and a
kobold.

Vanquished Creatures
  A centaur warrior (D:8)
  Pikel (D:8)
  Maurice (D:8)
  Maggie (D:8)
  Sigmund (D:3)
  A wyvern (D:7)
  6 yaks (D:8)
  Eustachio (D:6)
  A vampire mosquito (D:8)
  An acid dragon (D:8)
  4 ice beasts
  An orc warrior (D:8)
  2 black bears
  A wolf (D:8)
  2 ogres
  2 centaurs
  3 phantoms
  A kobold brigand (D:8)
  4 bullfrogs
  A gnoll sergeant (D:8)
  2 scorpions
  17 wights
  A killer bee (D:8)
  2 howler monkeys (D:9)
  An electric eel (D:7)
  2 bombardier beetles
  3 hounds
  3 orc priests
  4 gnoll boudas
  2 sleepcaps
  Jessica (D:3)
  2 iguanas (D:4)
  5 orc wizards
  8 adders
  19 gnolls
  A shadow imp (D:6)
  4 white imps
  2 ribbon worms
  2 dart slugs
  45 orcs
  5 ball pythons
  11 endoplasms
  3 giant cockroaches
  5 goblins
  7 hobgoblins
  4 jackals (D:2)
  8 kobolds
  3 quokkas
  5 bats
  2 frilled lizards
  3 rats
218 creatures vanquished.

Vanquished Creatures (collateral kills)
  3 centaurs (D:7)
3 creatures vanquished.

Vanquished Creatures (others)
  2 centaurs (D:7)
  A gnoll sergeant (D:8)
3 creatures vanquished.

Grand Total: 224 creatures vanquished

Notes
Turn   | Place    | Note
-------+----------+-------------------------------------------
     0 | D:1      | TacoSundae the Barachi Berserker began the quest for the
                  | Orb.
     0 | D:1      | Reached XP level 1. HP: 18/18 MP: 1/1
   111 | D:1      | Found a faded altar of an unknown god.
   163 | D:1      | Reached XP level 2. HP: 24/24 MP: 2/2
   182 | D:1      | Reached skill level 4 in Axes
   894 | D:2      | Reached XP level 3. HP: 29/29 MP: 3/3
  1055 | D:2      | Reached skill level 5 in Axes
  1229 | D:2      | Reached XP level 4. HP: 36/36 MP: 4/4
  1785 | D:3      | Found a faded altar of an unknown god.
  1785 | D:3      | Found a faded altar of an unknown god.
  1793 | D:3      | Found a basalt altar of Yredelemnul.
  1795 | D:3      | Found a shimmering blue altar of Sif Muna.
  1798 | D:3      | Found a sacrificial altar of Ru.
  1866 | D:3      | Noticed Sigmund
  1883 | D:3      | Killed Sigmund
  1884 | D:3      | Reached skill level 7 in Axes
  1884 | D:3      | Reached XP level 5. HP: 41/41 MP: 5/5
  1884 | D:3      | Reached XP level 6. HP: 47/47 MP: 6/6
  1950 | D:3      | Reached ** piety under Trog
  2312 | D:3      | Noticed Jessica
  2321 | D:3      | Killed Jessica
  2535 | D:3      | Found a transporter.
  2546 | D:3      | Noticed runthedishwasher's ghost (amateur OpSh)
  2635 | D:3      | Reached skill level 8 in Axes
  2772 | D:3      | Found a transporter.
  3029 | D:4      | Reached XP level 7. HP: 48/52 MP: 7/7
  3264 | D:4      | Reached *** piety under Trog
  3641 | D:5      | Entered Level 5 of the Dungeon
  3832 | D:5      | Reached skill level 9 in Axes
  3844 | D:5      | Reached XP level 8. HP: 61/61 MP: 8/8
  4038 | D:5      | Found a staircase to the Ecumenical Temple.
  4046 | Temple   | Entered the Ecumenical Temple
  4289 | D:5      | Reached skill level 5 in Fighting
  5044 | D:6      | Reached skill level 10 in Axes
  5157 | D:6      | Reached skill level 5 in Armour
  5289 | D:6      | Reached XP level 9. HP: 65/69 MP: 9/9
  5344 | D:6      | Reached **** piety under Trog
  5395 | D:6      | Noticed Eustachio
  5401 | D:6      | Killed Eustachio
  5402 | D:6      | Reached skill level 5 in Dodging
  5838 | D:7      | Reached skill level 11 in Axes
  6655 | D:7      | Found a stormy altar of Qazlal.
  6659 | D:7      | Found an iron altar of Okawaru.
  7418 | D:7      | Reached XP level 10. HP: 67/79 MP: 10/10
  7514 | D:7      | Found an ornate altar of the Wu Jian Council.
  7630 | D:8      | Noticed Maggie
  7647 | D:8      | Killed Maggie
  7787 | D:8      | Noticed a centaur warrior
  7801 | D:8      | Reached skill level 12 in Axes
  7811 | D:8      | Killed a centaur warrior
  8358 | D:8      | Reached ***** piety under Trog
  8606 | D:8      | Noticed Pikel
  8610 | D:8      | Reached skill level 13 in Axes
  8621 | D:8      | Killed Pikel
  8622 | D:8      | Reached XP level 11. HP: 47/87 MP: 11/11
  8748 | D:8      | Found a broken altar of Ashenzari.
  8814 | D:8      | Noticed Maurice
  8830 | D:8      | Killed Maurice
  9019 | D:8      | Found a glowing silver altar of Zin.
  9171 | D:9      | Found a staircase to the Lair.
  9174 | D:9      | Noticed Harold
  9184 | D:8      | Identified a scroll of acquirement
  9184 | D:8      | Acquired a manual of Fighting
  9202 | D:9      | HP: 4/89 [orc priest/+0 club (4)]
  9202 | D:9      | Slain by a howler monkey

Illustrated notes

Levels and vault maps discovered:
D:1:      psy_arrival_fountain, layout_loops_cross,
          hellmonk_ecumenical_altar_crossroads, minmay_pentomino_x4
D:2:      layout_basic, serial_park_tiny_1
D:3:      layout_basic, chequers_temple_overflow_minitemple,
          gammafunk_ghost_stat_death, chequers_arboretum, feat_on_display,
          uniq_sigmund, uniq_jessica
D:4:      layout_cave_pools, mrwooster_statue_mirror, minmay_bent
D:5:      nicolae_cairo_tiling_large_dashed, layout_cave_pods,
          minmay_temple_entry_grid, kennysheep_generic_room_12
D:6:      layout_basic, uniq_eustachio
D:7:      layout_loops_ring, marbit_many_paths, nicolae_overflow_squiral,
          grunt_ministairs_2, centaur_isle
D:8:      minmay_ornate_pinched, layout_basic, mainiacjoe_overflow_swirl,
          uniq_pikel, uniq_maurice, uniq_maggie
D:9:      layout_rooms, lemuel_doored_altar,
          mainiacjoe_overflow_six_doors_small, erik_lair_orcish_takeover,
          enter_bailey_4, uniq_harold
Temple:   minmay_temple_forest_path

Skill      XL: |  1  2  3  4  5  6  7  8  9 10 11 |
---------------+----------------------------------+-----
Axes           | 4 5 7 8 9 10 11 13 | 13.4
Fighting       | 4 5 7 8 9 |  9.0
Armour         | 3 5 6 8 |  8.6
Dodging        | 3 4 6 7 |  7.8

Action                     |  1- 3 |  4- 6 |  7- 9 | 10-12 || total
---------------------------+-------+-------+-------+-------++-------
  Melee: Hand axe          |   130 |   114 |   376 |   235 ||   855
         Punch             |     2 |     2 |     5 |     4 ||    13
         Battleaxe         |       |       |       |     3 ||     3
  Throw: Dart              |       |       |     6 |       ||     6
 Invoke: Berserk           |       |     4 |     3 |     2 ||     9
Ability: Hop               |       |       |     1 |       ||     1
  Evoke: Wand              |       |       |    15 |       ||    15
    Use: Scroll            |       |       |    10 |     7 ||    17
   Stab: Sleeping          |     1 |     1 |       |       ||     2
 Armour: Animal skin       |    24 |       |       |       ||    24
         Ring mail         |    47 |       |       |       ||    47
         Troll leather arm |    14 |    22 |       |       ||    36
         Scale mail        |       |    33 |   291 |     9 ||   333
         Swamp dragon scal |       |       |       |   139 ||   139
  Dodge: Dodged            |    91 |    64 |   219 |   141 ||   515
